[Event "December 5 Late 2023"]
[Site "https://www.chess.com"]
[Date "2023.12.05"]
[Round "9"]
[White "Vila Dupla, Aurelio"]
[Black "Negron Lizarazo, Juan Sebastian"]
[Result "1-0"]
[Board "112"]
[TimeControl "180+1"]
[WhiteFideId "2203383"]
[BlackFideId "3936910"]
[WhiteElo "2202"]
[BlackElo "2092"]
[WhiteTeam "ESP"]
[BlackTeam "COL"]
[WhiteClock "0:01:06"]
[BlackClock "0:00:05"]

1. Nf3 c5 2. c4 g6 3. d4 cxd4 4. Nxd4 Bg7 5. e4 Nc6 6. Be3 Nf6 7. Nc3 d6 8. Be2 Bd7 9. O-O O-O 10. f3 Nxd4 11. Bxd4 a5 12. Nd5 Nxd5 13. cxd5 b5 14. Bxg7 Kxg7 15. Qd4+ Kg8 16. a3 Qc7 17. Rac1 Qb7 18. Rc2 Rac8 19. Rfc1 Rxc2 20. Rxc2 Rc8 21. Rxc8+ Qxc8 22. Qc3 Qxc3 23. bxc3 Kg7 24. Kf2 Kf6 25. Ke3 g5 26. g3 e6 27. dxe6 fxe6 28. f4 h6 29. Kd4 Bc6 30. Bd3 e5+ 31. fxe5+ dxe5+ 32. Kc5 Bd7 33. Kb6 b4 34. cxb4 axb4 35. axb4 Ke6 36. Kc7 Ba4 37. b5 h5 38. b6 1-0

[Event "December 5 Late 2023"]
[Site "https://www.chess.com"]
[Date "2023.12.05"]
[Round "9"]
[White "Winkels, Marcel"]
[Black "Duncan, Chris R"]
[Result "0-1"]
[Board "113"]
[TimeControl "180+1"]
[WhiteFideId "1003887"]
[BlackFideId "403091"]
[WhiteElo "2011"]
[BlackElo "2180"]
[WhiteTeam "NED"]
[BlackTeam "ENG"]
[WhiteClock "0:01:53"]
[BlackClock "0:01:38"]

1. e4 e6 2. d4 d5 3. e5 c5 4. c3 Nc6 5. Nf3 Bd7 6. Bd3 Qb6 7. dxc5 Bxc5 8. b4 Bxf2+ 9. Ke2 Nxb4 10. cxb4 Bd4 11. Nxd4 Qxd4 12. Qc2 Qxe5+ 13. Kf2 Nf6 14. Bb2 Ng4+ 15. Kf3 Qe3+ 16. Kxg4 h5+ 17. Kh4 g5# 0-1

[Event "December 5 Late 2023"]
[Site "https://www.chess.com"]
[Date "2023.12.05"]
[Round "9"]
[White "Keller, Peter"]
[Black "Cornelison, Paul"]
[Result "1-0"]
[Board "114"]
[TimeControl "180+1"]
[WhiteFideId "1272105"]
[BlackFideId "2004186"]
[WhiteElo "2178"]
[BlackElo "1922"]
[WhiteTeam "GER"]
[BlackTeam "USA"]
[WhiteClock "0:01:05"]
[BlackClock "0:01:25"]

1. d4 Nf6 2. Bf4 d6 3. e3 g6 4. h3 Bg7 5. Nf3 O-O 6. Bh2 c6 7. Be2 Qa5+ 8. c3 Nbd7 9. Nbd2 a6 10. a4 Qc7 11. a5 Ne8 12. O-O e5 13. dxe5 dxe5 14. Nc4 f5 15. Ng5 Nc5 16. Nb6 Rb8 17. b4 Ne6 18. Bc4 Rf6 19. Nxc8 Qxc8 20. Bxe5 Nc7 21. Bxc7 Qxc7 22. Nxe6 Rxe6 23. Bxe6+ Kh8 24. Qd7 Qxd7 25. Bxd7 Bxc3 26. Rab1 Rd8 27. Rfd1 Kg7 28. Be6 Rxd1+ 29. Rxd1 Bxb4 30. Rd7+ Kf6 31. Bc4 Bxa5 32. Rxb7 c5 33. Bxa6 Bb4 34. Bc4 h5 35. f4 g5 36. Rb6+ Ke7 37. fxg5 Bd2 38. Kf2 f4 39. exf4 Bxf4 40. g6 Be5 41. Re6+ Kf8 42. Rxe5 Kg7 43. Rxh5 Kxg6 44. Rxc5 Kf6 45. Kf3 Kg7 46. Kg4 1-0

[Event "December 5 Late 2023"]
[Site "https://www.chess.com"]
[Date "2023.12.05"]
[Round "9"]
[White "th3d4rkness"]
[Black "Bazzano, Sebastian"]
[Result "1-0"]
[Board "115"]
[TimeControl "180+1"]
[BlackFideId "104566"]
[WhiteElo "2130"]
[BlackElo "2230"]
[BlackTeam "ARG"]
[WhiteClock "0:00:17"]
[BlackClock "0:00:00"]

1. e4 e6 2. d3 c5 3. Nd2 Nc6 4. Ngf3 g6 5. Be2 Bg7 6. O-O Nf6 7. Re1 O-O 8. Bf1 d6 9. c3 e5 10. a4 Nh5 11. g3 f5 12. Nc4 f4 13. Bg2 Be6 14. Qc2 h6 15. b3 Qd7 16. Bb2 Bg4 17. Nh4 Kh7 18. d4 fxg3 19. hxg3 exd4 20. e5 Qf7 21. Nxd6 Qe6 22. Nxg6 Kg8 23. Nxf8 Rxf8 24. cxd4 Nxd4 25. Bxd4 cxd4 26. Qc5 b6 27. Qxd4 Kh8 28. Bd5 Qe7 29. Nc4 Be6 30. Bxe6 Qxe6 31. Rad1 Qh3 32. Qh4 Qf5 33. Re2 Qf3 34. Rde1 Rc8 35. e6 Bf6 36. Qh2 1-0

[Event "December 5 Late 2023"]
[Site "https://www.chess.com"]
[Date "2023.12.05"]
[Round "9"]
[White "Desideri, Ricardo Maruchi"]
[Black "Burke, Paul"]
[Result "1-0"]
[Board "117"]
[TimeControl "180+1"]
[WhiteFideId "2110440"]
[BlackFideId "2605767"]
[WhiteElo "2015"]
[BlackElo "1802"]
[WhiteTeam "BRA"]
[BlackTeam "CAN"]
[WhiteClock "0:00:50"]
[BlackClock "0:00:08"]

1. e4 e5 2. Nf3 Nc6 3. Bc4 Be7 4. c3 Nf6 5. d3 O-O 6. O-O d6 7. a4 Bg4 8. Nbd2 Qd7 9. Re1 Rae8 10. Nf1 d5 11. exd5 Nxd5 12. Nxe5 Nxe5 13. f3 Nxc4 14. dxc4 Nf6 15. fxg4 Bc5+ 16. Kh1 Rxe1 17. Qxe1 Nxg4 18. b4 Nf2+ 19. Kg1 Nd3+ 20. Qe3 Bxe3+ 21. Bxe3 Ne5 22. Bd4 Nxc4 23. Rd1 Qg4 24. Re1 Nd6 25. Ne3 Qg6 26. Nd5 Qc2 27. Ne7+ Kh8 28. Rf1 Ne4 29. Nf5 Rg8 30. Nh6 Nxc3 31. Nxf7# 1-0

[Event "December 5 Late 2023"]
[Site "https://www.chess.com"]
[Date "2023.12.05"]
[Round "9"]
[White "Seletsky, Grigory"]
[Black "Vargas, Mauricio"]
[Result "1-0"]
[Board "118"]
[TimeControl "180+1"]
[WhiteFideId "14112191"]
[BlackFideId "4404572"]
[WhiteElo "2482"]
[BlackElo "1823"]
[WhiteTeam "UKR"]
[BlackTeam "COL"]
[WhiteClock "0:00:11"]
[BlackClock "0:00:00"]

1. e4 d5 2. Nc3 d4 3. Nce2 c5 4. Ng3 h5 5. Bb5+ Bd7 6. Bxd7+ Qxd7 7. d3 h4 8. Nf1 e5 9. h3 Nc6 10. Nd2 b5 11. a4 bxa4 12. Rxa4 Nb4 13. Ra1 f6 14. Nc4 Qe6 15. f4 exf4 16. Bxf4 g5 17. Bd2 Nd5 18. Qe2 Nc7 19. Nf3 Bd6 20. O-O Bg3 21. Bxg5 fxg5 22. Nxg5 Qe7 23. Qg4 Nf6 24. Qf5 O-O 25. Qg6+ Qg7 26. Qxg7+ Kxg7 27. Rf5 Kg6 28. Nf3 Ne6 29. Nfe5+ Kg7 30. Raf1 Rae8 31. Nc6 Rc8 32. Nxa7 Rc7 33. Nb5 Rcf7 34. Nbd6 Ra7 35. R5f3 1-0

[Event "December 5 Late 2023"]
[Site "https://www.chess.com"]
[Date "2023.12.05"]
[Round "10"]
[White "Carlsen, Magnus"]
[Black "Duda, Jan-Krzysztof"]
[Result "1-0"]
[Board "1"]
[TimeControl "180+1"]
[WhiteFideId "1503014"]
[BlackFideId "1170546"]
[WhiteElo "3319"]
[BlackElo "3067"]
[WhiteTeam "NOR"]
[BlackTeam "POL"]
[WhiteClock "0:00:14"]
[BlackClock "0:00:00"]

1. e4 c5 2. Nf3 d6 3. Bc4 Nf6 4. d3 Nc6 5. O-O e6 6. Bb3 Na5 7. Ba4+ Bd7 8. Bxd7+ Qxd7 9. Re1 Nc6 10. c3 Be7 11. Nbd2 O-O 12. Nf1 b5 13. Ng3 Rfc8 14. a3 a5 15. d4 cxd4 16. cxd4 a4 17. d5 exd5 18. exd5 Na5 19. Nd4 Bf8 20. Qf3 Nc4 21. Bf4 Rc5 22. Ndf5 Re8 23. h3 Rxd5 24. Bg5 Ne5 25. Rxe5 Rdxe5 26. Bxf6 gxf6 27. Kh2 d5 28. Rd1 Kh8 29. Rd4 Rxf5 30. Nxf5 Re5 31. Ne3 Qe6 32. Nxd5 Rf5 33. Nf4 Bd6 34. g3 Bxf4 35. Rd8+ Kg7 36. gxf4 Kh6 37. Rg8 Qc4 38. Rg4 1-0

[Event "December 5 Late 2023"]
[Site "https://www.chess.com"]
[Date "2023.12.05"]
[Round "10"]
[White "Aronian, Levon"]
[Black "Bluebaum, Matthias"]
[Result "1-0"]
[Board "2"]
[TimeControl "180+1"]
[WhiteFideId "13300474"]
[BlackFideId "24651516"]
[WhiteElo "3114"]
[BlackElo "3032"]
[WhiteTeam "USA"]
[BlackTeam "GER"]
[WhiteClock "0:00:53"]
[BlackClock "0:00:02"]

1. d4 d5 2. c4 e6 3. Nf3 Nf6 4. e3 Bd6 5. c5 Be7 6. b4 O-O 7. a4 b6 8. Ba3 c6 9. Nbd2 Nbd7 10. Rc1 bxc5 11. dxc5 e5 12. Be2 Qc7 13. O-O Rd8 14. Nb3 Nf8 15. b5 Ng6 16. Bb4 Qd7 17. Na5 Bb7 18. Bc3 d4 19. exd4 Qc7 20. Nc4 Bxc5 21. Ncxe5 cxb5 22. Ba1 Ne4 23. Nxg6 hxg6 24. Qc2 Qf4 25. dxc5 Rac8 26. axb5 Rxc5 27. Qb2 f6 28. Rxc5 Nxc5 29. Qa3 Ne4 30. Qe7 Rb8 31. Rd1 Ng5 32. Nxg5 Qxg5 33. Bf1 Bd5 34. Qc5 Bf7 35. Qxg5 fxg5 1-0

[Event "December 5 Late 2023"]
[Site "https://www.chess.com"]
[Date "2023.12.05"]
[Round "10"]
[White "Deac, Bogdan-Daniel"]
[Black "Oparin, Grigoriy"]
[Result "1/2-1/2"]
[Board "3"]
[TimeControl "180+1"]
[WhiteFideId "1226380"]
[BlackFideId "24125890"]
[WhiteElo "3017"]
[BlackElo "3065"]
[WhiteTeam "ROU"]
[BlackTeam "USA"]
[WhiteClock "0:00:04"]
[BlackClock "0:01:04"]

1. Nf3 Nf6 2. c4 e6 3. g3 d5 4. Bg2 Be7 5. d4 O-O 6. O-O dxc4 7. Qc2 a6 8. a4 Bd7 9. Qxc4 Bc6 10. Bf4 Bd6 11. Qc1 Nbd7 12. Nc3 b5 13. Rd1 b4 14. Nb1 Bd5 15. Ne5 Bxg2 16. Kxg2 Nd5 17. Nd3 Nxf4+ 18. Nxf4 Qe7 19. Qc6 Bxf4 20. gxf4 Qd6 21. Qf3 c5 22. e3 c4 23. Nd2 Rac8 24. Rdc1 c3 25. bxc3 bxc3 26. Ne4 Qb4 27. Rab1 Qa5 28. Rb7 Nb6 29. Rxc3 Rxc3 30. Nxc3 Nxa4 31. Nxa4 Qxa4 32. Ra7 Qb5 1/2-1/2

[Event "December 5 Late 2023"]
[Site "https://www.chess.com"]
[Date "2023.12.05"]
[Round "10"]
[White "Miladinovic, Igor"]
[Black "Xiong, Jeffery"]
[Result "1/2-1/2"]
[Board "4"]
[TimeControl "180+1"]
[WhiteFideId "4203380"]
[BlackFideId "2047640"]
[WhiteElo "2860"]
[BlackElo "3033"]
[WhiteTeam "SRB"]
[BlackTeam "USA"]
[WhiteClock "0:02:13"]
[BlackClock "0:02:13"]

1. d4 d5 2. Bf4 Nf6 3. e3 e6 4. Bd3 c5 5. dxc5 Bxc5 6. Nf3 Nc6 7. O-O Qe7 8. Nc3 h6 9. e4 d4 10. Na4 e5 11. Nxc5 Qxc5 12. Bd2 O-O 13. a3 Qe7 14. Qe2 Be6 15. Nh4 Nxe4 16. Qxe4 f5 17. Nxf5 Bxf5 18. Qd5+ Be6 19. Qe4 Bf5 20. Qd5+ Be6 21. Qe4 Bf5 1/2-1/2

[Event "December 5 Late 2023"]
[Site "https://www.chess.com"]
[Date "2023.12.05"]
[Round "10"]
[White "Nakamura, Hikaru"]
[Black "Martinez Alcantara, Jose Eduardo"]
[Result "1-0"]
[Board "5"]
[TimeControl "180+1"]
[WhiteFideId "2016192"]
[BlackFideId "3805662"]
[WhiteElo "3224"]
[BlackElo "2989"]
[WhiteTeam "USA"]
[BlackTeam "PER"]
[WhiteClock "0:00:05"]
[BlackClock "0:00:03"]

1. e4 c5 2. d4 cxd4 3. c3 d3 4. Bxd3 d6 5. c4 Nf6 6. Nf3 e6 7. O-O Be7 8. Nc3 O-O 9. Qe2 a6 10. b3 Nbd7 11. Bb2 Qc7 12. Nd4 b6 13. f3 Bb7 14. Kh1 Rac8 15. Rfd1 Rfe8 16. Qf2 Qb8 17. Rac1 Bf8 18. Bf1 h6 19. Nc2 Bc6 20. Rd2 Nc5 21. Rcd1 Ba8 22. Qg1 Bc6 23. Ne2 Ncd7 24. Ne3 Ba8 25. Qf2 Qc7 26. Ng3 Bc6 27. Nc2 Bb7 28. Ne3 Bc6 29. Bd4 Bb7 30. Rc2 Bc6 31. Rdc1 Bb7 32. Nd1 Bc6 33. Nc3 Qb8 34. Qd2 Ba8 35. Bf2 Bc6 36. Nge2 Be7 37. Rd1 Red8 38. Rcc1 Ba8 39. Nd4 Nc5 40. b4 Ncd7 41. Nb3 Ne5 42. Na4 Nfd7 43. Qe1 g5 44. Be3 Kh7 45. Qf2 b5 46. cxb5 axb5 47. Nc3 Nc4 48. Nd4 Nxe3 49. Qxe3 Ne5 50. Ncxb5 h5 51. Rxc8 Rxc8 52. Rc1 Rxc1 53. Qxc1 d5 54. Qc7 Qxc7 55. Nxc7 Bb7 56. exd5 Bxb4 57. dxe6 fxe6 58. Ba6 Bd5 59. Nxd5 exd5 60. Bb7 Bc3 61. Ne6 d4 62. Nxg5+ Kh6 63. Ne4 Bb4 64. Kg1 d3 65. Kf2 d2 66. Ke2 Nd3 67. Nxd2 Nf4+ 68. Kd1 Nxg2 69. Nc4 Kg5 70. a4 Kh4 71. Bc8 Kg5 72. a5 Bc5 73. a6 Nh4 74. Ke2 Kf4 75. Bb7 Nf5 76. Kd3 Nh4 77. Nd2 Ba7 78. Ke2 Nf5 79. Nb3 Nd4+ 80. Nxd4 Bxd4 81. Kd3 Ba7 82. Kc4 Ke5 83. Kb5 Kd6 84. f4 Be3 85. f5 Ke5 86. Bc8 Kd6 87. f6 h4 88. f7 Ke7 89. Be6 h3 90. Kc6 Bg1 91. Kb7 Bxh2 92. a7 Bb8 93. axb8=Q h2 94. f8=Q+ 1-0

[Event "December 5 Late 2023"]
[Site "https://www.chess.com"]
[Date "2023.12.05"]
[Round "10"]
[White "Firouzja, Alireza"]
[Black "Terry, Renato"]
[Result "1-0"]
[Board "6"]
[TimeControl "180+1"]
[WhiteFideId "12573981"]
[BlackFideId "3803457"]
[WhiteElo "3154"]
[BlackElo "2984"]
[WhiteTeam "FRA"]
[BlackTeam "PER"]
[WhiteClock "0:00:35"]
[BlackClock "0:00:00"]

1. e4 e6 2. d4 d5 3. e5 c5 4. c3 Qb6 5. Nf3 Bd7 6. Be2 cxd4 7. cxd4 Bb5 8. Bxb5+ Qxb5 9. Nc3 Qd7 10. O-O Nc6 11. Be3 Nge7 12. Rc1 Nf5 13. Bf4 h5 14. Bg5 Be7 15. Bxe7 Qxe7 16. Ne2 h4 17. h3 g5 18. Qd2 Rg8 19. Nh2 O-O-O 20. Ng4 Kb8 21. Rc3 Rg6 22. Rfc1 Nh6 23. Nxh6 Rxh6 24. b4 Qxb4 25. Qxg5 Rhh8 26. Rb3 Qa4 27. Qf4 Rd7 28. Rc2 Ka8 29. Qf6 Rh7 30. Qg5 Rh8 31. Qg7 Rhd8 32. Qg4 a6 33. Qxh4 Nxe5 34. Qf6 Nc6 35. h4 e5 36. dxe5 d4 37. Rd2 d3 38. Nf4 Qe4 39. Rbxd3 Rxd3 40. Rxd3 Rxd3 41. Nxd3 Qxd3 42. Qxf7 Qd1+ 43. Kh2 Qd4 44. f4 Qf2 45. Kh3 Nd4 46. Qf8+ Ka7 47. Qc5+ Ka8 48. e6 Qxf4 49. e7 Qe3+ 50. g3 Qe4 51. Qc8+ Ka7 52. e8=Q Qh1+ 53. Kg4 Qf3+ 54. Kg5 Qxg3+ 55. Qg4 Qc3 56. Qee4 Nc6 57. Qg1+ Ka8 58. Qe8+ Nb8 59. Qge3 Qg7+ 60. Kf5 Qh7+ 61. Kg4 Qg7+ 62. Kh3 Qa1 63. Qf4 Qh1+ 64. Kg4 Qg2+ 65. Kh5 Qd5+ 66. Kh6 1-0

[Event "December 5 Late 2023"]
[Site "https://www.chess.com"]
[Date "2023.12.05"]
[Round "10"]
[White "Erigaisi Arjun"]
[Black "Bok, Benjamin"]
[Result "1-0"]
[Board "7"]
[TimeControl "180+1"]
[WhiteFideId "35009192"]
[BlackFideId "1017063"]
[WhiteElo "3102"]
[BlackElo "2995"]
[WhiteTeam "IND"]
[BlackTeam "NED"]
[WhiteClock "0:01:30"]
[BlackClock "0:00:13"]

1. b3 d5 2. Bb2 Bf5 3. e3 e6 4. Nf3 h6 5. c4 Nf6 6. Nc3 Nbd7 7. d4 c6 8. Bd3 Bxd3 9. Qxd3 Be7 10. O-O-O Qa5 11. Kb1 O-O 12. g4 Nxg4 13. Qe2 f5 14. Rhg1 Bb4 15. Rc1 Rf7 16. Nh4 Kh7 17. f3 Ngf6 18. Ng6 dxc4 19. bxc4 Ba3 20. Ka1 Bxb2+ 21. Qxb2 Nb6 22. Ne2 Qa6 23. Ne5 Rc7 24. Nf4 Re8 25. Rg6 Rce7 26. Qg2 Nbd7 27. Rg1 Ng4 28. Nxg4 Qxc4 29. Rxg7+ Kh8 30. Rxe7 Rxe7 31. Ng6+ Kg7 1-0

[Event "December 5 Late 2023"]
[Site "https://www.chess.com"]
[Date "2023.12.05"]
[Round "10"]
[White "Maksimovic, Bojan"]
[Black "Nepomniachtchi, Ian"]
[Result "1/2-1/2"]
[Board "8"]
[TimeControl "180+1"]
[WhiteFideId "14408120"]
[BlackFideId "4168119"]
[WhiteElo "2935"]
[BlackElo "3100"]
[WhiteTeam "BIH"]
[BlackTeam "RUS"]
[WhiteClock "0:00:06"]
[BlackClock "0:00:15"]

1. Nf3 c5 2. g3 Nc6 3. d4 cxd4 4. Nxd4 Qb6 5. Nb3 Nf6 6. Bg2 h5 7. Nc3 h4 8. Be3 Qd8 9. Qd2 h3 10. Bf3 Ne5 11. O-O-O Nc4 12. Qd3 Nxe3 13. Qxe3 g6 14. Kb1 Bg7 15. g4 d6 16. Rhg1 Nd7 17. g5 Ne5 18. Be4 Be6 19. f4 Nc4 20. Qd3 Rc8 21. Nd4 Qb6 22. Na4 Qb4 23. Nxe6 fxe6 24. Bxg6+ Kf8 25. Qb3 Qxb3 26. axb3 Ne3 27. Rd3 Nd5 28. Rf1 b5 29. f5 bxa4 30. fxe6+ Nf6 31. gxf6 Bxf6 32. bxa4 Rh4 33. b3 Rc5 34. Bf5 Rh5 35. Bxh3 Rce5 36. Bg4 Rxh2 37. Rg1 Rg5 38. Rdg3 Rf2 39. Kc1 Be5 40. Rf3+ Bf4+ 41. Kd1 Rxf3 42. exf3 Rd5+ 43. Ke1 Rd2 44. Rh1 Kg7 45. Bf5 Kf6 46. Bd3 Rg2 47. Rh8 Kxe6 48. Ra8 Be3 49. Re8 Kf6 50. Rc8 d5 51. Rd8 e6 52. Rd6 Ke5 53. Ra6 Bd4 54. b4 Bc3+ 55. Kf1 Rh2 56. b5 Kf4 57. Rxe6 Kxf3 58. Kg1 Rg2+ 59. Kh1 Rg7 60. Rd6 Re7 61. Rxd5 Re1+ 62. Kh2 Be5+ 63. Rxe5 Rxe5 64. a5 Kf2 65. Kh3 Kf3 66. Kh4 Kf4 67. a6 Re6 68. Kh5 Rf6 69. Bc4 Rd6 70. Bd3 Rb6 71. Bc4 Rf6 72. Bd3 Re6 73. Bc4 Rd6 74. Bd3 Rb6 75. Bc4 Ke5 76. Kg5 Kd4 77. Bd3 Kc5 78. Kf5 Rd6 79. Ke5 Rd4 80. Kf5 Rb4 81. Ke5 Rb1 82. Ke4 Re1+ 83. Kf3 Kd4 84. Kf2 Rb1 85. Ke2 Ra1 86. Kd2 Ra3 87. Be2 Rh3 88. Bd3 Rh2+ 89. Kc1 Kc3 90. Kb1 Rh4 91. Ka2 Ra4+ 92. Kb1 Ra5 93. Be2 Ra3 94. Bd3 Ra4 95. Be2 Rb4+ 96. Kc1 Re4 97. Kd1 Rh4 98. Bd3 Rh2 99. Ke1 Kd4 100. Kf1 Ke3 101. Kg1 Rh6 102. Bc4 Rd6 103. Kg2 Rd4 104. Bd3 Rg4+ 105. Kh3 Rg7 106. Kh4 Kf4 107. Kh5 Ke5 108. Kh6 Re7 109. Kh5 Kf6 110. Kg4 Ke5 111. Kf3 Rc7 112. Ke3 Kd5 113. Kd2 Kc5 114. Kc3 Re7 115. Kb3 Re3 116. Kc3 Rh3 117. Kb3 1/2-1/2

[Event "December 5 Late 2023"]
[Site "https://www.chess.com"]
[Date "2023.12.05"]
[Round "10"]
[White "Pranav, V"]
[Black "Svane, Rasmus"]
[Result "1-0"]
[Board "9"]
[TimeControl "180+1"]
[WhiteFideId "25060783"]
[BlackFideId "4657101"]
[WhiteElo "3062"]
[BlackElo "2935"]
[WhiteTeam "IND"]
[BlackTeam "GER"]
[WhiteClock "0:00:03"]
[BlackClock "0:00:00"]

1. e4 e5 2. Nf3 Nc6 3. Bb5 a6 4. Ba4 Nf6 5. O-O Be7 6. d3 b5 7. Bb3 d6 8. c3 O-O 9. a4 Bd7 10. Bc2 h6 11. h3 Re8 12. Re1 Bf8 13. Nbd2 b4 14. a5 Rb8 15. Nf1 bxc3 16. bxc3 d5 17. exd5 Nxd5 18. Bd2 Bd6 19. Ng3 Nf6 20. Bb3 Rb5 21. c4 Rb8 22. Ba4 Nd4 23. Bxd7 Qxd7 24. Nxd4 exd4 25. Qf3 Bxg3 26. Qxg3 Kh7 27. Qh4 Ng8 28. Re4 Rxe4 29. Qxe4+ f5 30. Qf3 Ne7 31. Re1 Ng6 32. g3 f4 33. h4 fxg3 34. fxg3 Rf8 35. Qg2 Qg4 36. Re4 Qd1+ 37. Re1 Qf3 38. Qxf3 Rxf3 39. h5 Nf8 40. Bf4 g5 41. Re7+ Kg8 42. Bxc7 Rxd3 43. Be5 Re3 44. Rg7+ Kh8 45. Rxg5+ Kh7 46. Rg7+ Kh8 47. Bxd4 Rd3 48. Bf6 1-0

[Event "December 5 Late 2023"]
[Site "https://www.chess.com"]
[Date "2023.12.05"]
[Round "10"]
[White "Sarana, Alexey"]
[Black "Cieslak, Patryk"]
[Result "1-0"]
[Board "10"]
[TimeControl "180+1"]
[WhiteFideId "24133795"]
[BlackFideId "21078882"]
[WhiteElo "3017"]
[BlackElo "2681"]
[WhiteTeam "SRB"]
[BlackTeam "POL"]
[WhiteClock "0:00:11"]
[BlackClock "0:00:01"]

1. d4 d5 2. c4 c6 3. Nc3 Nf6 4. Nf3 e6 5. Bg5 dxc4 6. e4 b5 7. e5 h6 8. Bh4 g5 9. Nxg5 hxg5 10. Bxg5 Nbd7 11. exf6 Bb7 12. g3 c5 13. d5 Qb6 14. Bg2 O-O-O 15. O-O b4 16. Na4 Qb5 17. a3 Bxd5 18. Bxd5 Ne5 19. axb4 Rxd5 20. Qe2 Qc6 21. b5 Qb7 22. Nc3 Bd6 23. Nxd5 Qxd5 24. f3 Kb7 25. Qe4 Nd3 26. Ra6 Bc7 27. Rb1 Kb8 28. Qxd5 exd5 29. Kg2 Nb4 30. Ra4 Nc2 31. h4 Nd4 32. g4 Ne6 33. Rh1 Kb7 34. Bd2 Be5 35. Bc3 Nf4+ 36. Kf1 d4 37. Bd2 Nd5 38. Rxc4 Kb6 39. g5 Kxb5 40. b3 Nb6 41. Rc1 c4 42. f4 Bd6 43. bxc4+ Nxc4 44. Rb1+ Kc6 45. Bc1 d3 46. Rh2 a5 47. Rb3 d2 48. Bxd2 a4 49. Rc3 Kb5 50. Bc1 Bb4 51. Rd3 Re8 52. Re2 Rc8 53. h5 a3 54. Bxa3 Nxa3 55. Rd7 Rc1+ 56. Kg2 Bc5 57. Rxf7 Rg1+ 58. Kh3 Nc4 59. h6 Nd6 60. Rd7 Kc6 61. Rd8 Nf5 62. Rc8+ Kd7 63. Rxc5 Ng3 64. Rd2+ Ke6 65. h7 Nf5 66. Re5+ Kf7 67. Rxf5 Kg6 68. Re5 Kh5 69. h8=Q+ 1-0

[Event "December 5 Late 2023"]
[Site "https://www.chess.com"]
[Date "2023.12.05"]
[Round "10"]
[White "Zhigalko, Sergei"]
[Black "Andreikin, Dmitry"]
[Result "1/2-1/2"]
[Board "11"]
[TimeControl "180+1"]
[WhiteFideId "13502956"]
[BlackFideId "4158814"]
[WhiteElo "2947"]
[BlackElo "3104"]
[WhiteTeam "BLR"]
[BlackTeam "FID"]
[WhiteClock "0:00:14"]
[BlackClock "0:01:04"]

1. e4 a6 2. d4 b5 3. Bd3 Bb7 4. Nf3 e6 5. O-O c5 6. c3 Nf6 7. Re1 Be7 8. Bf4 O-O 9. Nbd2 d6 10. Qe2 cxd4 11. cxd4 Nc6 12. Rac1 Rc8 13. h3 Qd7 14. Bb1 Rc7 15. e5 Nd5 16. Bg3 Rfc8 17. Rcd1 Ncb4 18. Ne4 dxe5 19. Nxe5 Qe8 20. a3 Nc2 21. Rf1 b4 22. Nf3 Rc6 23. Ne5 R6c7 24. Nf3 Rc6 25. Ne5 R6c7 1/2-1/2

[Event "December 5 Late 2023"]
[Site "https://www.chess.com"]
[Date "2023.12.05"]
[Round "10"]
[White "Brodsky, David"]
[Black "Paravyan, David"]
[Result "0-1"]
[Board "12"]
[TimeControl "180+1"]
[WhiteFideId "2073250"]
[BlackFideId "4194985"]
[WhiteElo "2792"]
[BlackElo "3000"]
[WhiteTeam "USA"]
[BlackTeam "FID"]
[WhiteClock "0:00:02"]
[BlackClock "0:01:16"]

1. e4 e5 2. Nf3 Nf6 3. Nxe5 d6 4. Nf3 Nxe4 5. Nc3 Nxc3 6. dxc3 Be7 7. Be3 O-O 8. Qd2 Nd7 9. O-O-O Nf6 10. Kb1 d5 11. Bd3 c5 12. Rhe1 c4 13. Bf1 b5 14. Nd4 Bd7 15. f3 a5 16. Bf4 b4 17. Bc7 Qxc7 18. Rxe7 Qd6 19. Re2 Rab8 20. g4 Rb6 21. Rde1 Rfb8 22. g5 bxc3 23. Qxc3 Rxb2+ 24. Ka1 Qb6 25. Nb3 Rxa2+ 26. Kxa2 cxb3+ 27. Qxb3 Qd8 28. Qe3 d4 29. Qe7 Qb6 30. Qa3 Nd5 31. Ka1 Nc3 0-1

[Event "December 5 Late 2023"]
[Site "https://www.chess.com"]
[Date "2023.12.05"]
[Round "10"]
[White "Urazayev, Arystanbek"]
[Black "Henriquez Villagra, Cristobal"]
[Result "1-0"]
[Board "13"]
[TimeControl "180+1"]
[WhiteFideId "13709810"]
[BlackFideId "3409350"]
[WhiteElo "2783"]
[BlackElo "2994"]
[WhiteTeam "KAZ"]
[BlackTeam "CHI"]
[WhiteClock "0:00:40"]
[BlackClock "0:00:22"]

1. d4 Nf6 2. c4 e6 3. Nc3 d5 4. e3 Be7 5. Nf3 O-O 6. Bd3 b6 7. cxd5 exd5 8. O-O c5 9. b3 Nbd7 10. Bb2 Bb7 11. Qe2 a6 12. Rfd1 Bd6 13. dxc5 bxc5 14. Bf5 Re8 15. Qd2 Nb6 16. Ne2 Ne4 17. Bxe4 Rxe4 18. Ng3 Re6 19. Rac1 Bf8 20. h3 a5 21. a4 Rg6 22. Ne5 Re6 23. Nd3 c4 24. Nf4 Rd6 25. Nf5 cxb3 26. Nxd6 Qxd6 27. Qd3 Qb4 28. Rc7 Bc8 29. Nxd5 Qd6 30. Nxb6 Qxb6 31. Qd8 Rb8 32. Rxc8 1-0

[Event "December 5 Late 2023"]
[Site "https://www.chess.com"]
[Date "2023.12.05"]
[Round "10"]
[White "Sattarov, Bobir"]
[Black "Drozdowski, Kacper"]
[Result "1-0"]
[Board "14"]
[TimeControl "180+1"]
[WhiteFideId "14203081"]
[BlackFideId "1136720"]
[WhiteElo "2764"]
[BlackElo "2987"]
[WhiteTeam "UZB"]
[BlackTeam "POL"]
[WhiteClock "0:00:05"]
[BlackClock "0:00:07"]

1. e4 c5 2. Nf3 e6 3. d4 cxd4 4. Nxd4 Nc6 5. Nxc6 bxc6 6. Bf4 d5 7. Nd2 Nf6 8. Bd3 Be7 9. Qe2 O-O 10. O-O a5 11. Rad1 a4 12. c4 Ba6 13. Nf3 Qb6 14. Ne5 Rfd8 15. h3 h6 16. Bg3 dxc4 17. Bxc4 Bxc4 18. Qxc4 Rdc8 19. Nd7 Nxd7 20. Rxd7 Ra7 21. Rfd1 Rxd7 22. Rxd7 Bf8 23. Qe2 Re8 24. Qd2 Qb5 25. Kh2 Qc4 26. Rd8 Rxd8 27. Qxd8 Qb4 28. Qe8 Qe7 29. Qxc6 Qa7 30. Qe8 Qb6 31. a3 f6 32. Qxa4 Qxb2 33. Qa6 Qb3 34. a4 e5 35. Qb5 Qa2 36. a5 Kh7 37. a6 Bd6 38. Qb6 Qa3 39. a7 Bc5 40. Qxc5 Qxc5 41. a8=Q Qd4 42. Qd5 Qc3 43. h4 Qc8 44. f4 exf4 45. Bxf4 Kh8 46. Qf5 Qe8 47. e5 fxe5 48. Bxe5 Kg8 49. h5 Qe7 50. Bg3 Kh8 51. Kh3 Kg8 52. Kg4 Kh8 53. Bf4 Kg8 54. Qe5 Qd7+ 55. Kf3 Qd1+ 56. Kg3 Qd3+ 57. Kg4 Qd7+ 58. Qf5 Qd1+ 59. Kg3 Qe1+ 60. Kh3 Qh1+ 61. Bh2 Qe1 62. Qd5+ Kh7 63. Qe5 Qd1 64. Qf5+ Kg8 65. Bg3 Qh1+ 66. Bh2 Qd1 67. Qg4 Qd3+ 68. Qf3 Qd7+ 69. g4 Qe6 70. Bf4 Qc4 71. Kg3 Qe6 72. Qe3 Qd5 73. Be5 Qd7 74. Qc3 Qf7 75. Qc8+ Kh7 76. Qf5+ Kg8 77. Qxf7+ Kxf7 78. Kf4 g6 79. Ke4 gxh5 80. gxh5 Ke6 81. Kf4 Kf7 82. Kf5 Kg8 83. Kg6 Kf8 84. Kxh6 Kg8 85. Kg6 1-0

[Event "December 5 Late 2023"]
[Site "https://www.chess.com"]
[Date "2023.12.05"]
[Round "10"]
[White "Panesar Vedant"]
[Black "Naroditsky, Daniel"]
[Result "0-1"]
[Board "15"]
[TimeControl "180+1"]
[WhiteFideId "35033018"]
[BlackFideId "2026961"]
[WhiteElo "2708"]
[BlackElo "3148"]
[WhiteTeam "IND"]
[BlackTeam "USA"]
[WhiteClock "0:00:00"]
[BlackClock "0:00:51"]

1. e4 a5 2. d4 e6 3. Bd3 d5 4. e5 c5 5. c3 Nc6 6. Ne2 Nh6 7. O-O Nf5 8. Nd2 cxd4 9. Bxf5 dxc3 10. Nxc3 exf5 11. Nf3 Be6 12. Bg5 Be7 13. Bxe7 Nxe7 14. Qa4+ Qd7 15. Rfd1 Qxa4 16. Nxa4 Rc8 17. Nd4 O-O 18. Nb6 Rc7 19. Rac1 Rxc1 20. Rxc1 Ng6 21. Rc7 Nxe5 22. Rxb7 g6 23. g3 Re8 24. b3 Nd3 25. Rc7 f4 26. Nc6 Kf8 27. Kg2 Bg4 28. gxf4 Re2 29. Ne5 Nxe5 30. fxe5 d4 31. Nd7+ Kg7 32. Nf6 Be6 33. Rc5 d3 34. Kf3 Re1 0-1

[Event "December 5 Late 2023"]
[Site "https://www.chess.com"]
[Date "2023.12.05"]
[Round "10"]
[White "Kamsky, Gata"]
[Black "Apoorv Kamble"]
[Result "1-0"]
[Board "16"]
[TimeControl "180+1"]
[WhiteFideId "2000024"]
[BlackFideId "25683012"]
[WhiteElo "2918"]
[BlackElo "2677"]
[WhiteTeam "USA"]
[BlackTeam "IND"]
[WhiteClock "0:01:28"]
[BlackClock "0:00:13"]

1. e4 c5 2. Nc3 Nc6 3. Nf3 e5 4. Bc4 d6 5. d3 Be7 6. Nd2 f5 7. exf5 Bxf5 8. Nde4 Qd7 9. O-O O-O-O 10. f4 Nf6 11. Nxf6 Bxf6 12. Nd5 Rdf8 13. a4 Bd8 14. c3 h5 15. b4 cxb4 16. cxb4 Nd4 17. Be3 Bg4 18. Qd2 Ne2+ 19. Kh1 h4 20. Rfe1 Ng3+ 21. Kg1 Nf5 22. Bxa7 b6 23. Ba6+ Qb7 1-0